 Dungeon Crawl Stone Soup version bcrawl-1.13.2 (webtiles) character file.

Game seed: 1527337383681877434

60 Felnil the Shield-Bearer (level 3, -13/24 HPs)
             Began as a Skeleton Fighter on Aug 11, 2019.
             Killed by divine providence
             ... invoked by an orc priest
              (15 damage)
             ... on level 2 of the Dungeon.
             The game lasted 00:03:00 (1535 turns).

Felnil the Shield-Bearer (Skeleton Fighter)         Turns: 1535, Time: 00:03:01

Health: -13/24     AC:  7    Str: 23      XL:     3   Next: 80%
Magic:  0/3        EV:  8    Int:  5 (6)  God:
Gold:   156        SH: 10    Dex:  8      Spells: 2/2 levels left

rFire    . . .     SeeInvis .   a - +0 war axe
rCold    + . .     Gourm    .   c - +1 shield
rNeg     + + +     Faith    .   b - +0 scale mail
rPois    ∞         Spirit   +   (no helmet)
rElec    .         Reflect  .   (no cloak)
rCorr    .         Harm     .   (no gloves)
MR       .....     Rnd*Tele +   (no boots)
Stlth    ..........             (no amulet)
HPRegen  0.08/turn              f - ring of teleportation (curse)
MPRegen  0.08/turn              (no ring)

@: no status effects
A: no food or potions, cold resistance 1, deterioration 1, negative energy
resistance 3, torment resistance, unbreathing, magic shield, sturdy frame 1,
spell healing
a: no special abilities


You were on level 2 of the Dungeon.
You were not hungry.

You visited 1 branch of the dungeon, and saw 2 of its levels.

You collected 156 gold pieces.

Inventory:

Hand Weapons
 a - a +0 war axe (weapon)
Armour
 b - a +0 scale mail (worn)
 c - a +1 shield (worn)
Jewellery
 f - a cursed ring of teleportation (left hand)
Scrolls
 g - 2 scrolls of immolation


   Skills:
 * Level 4.0 Fighting
 - Level 2.4 Axes
 + Level 3.8 Armour
 + Level 4.2 Shields


You had 2 spell levels left.
You didn't know any spells.
Your spell library was empty.

Dungeon Overview and Level Annotations

Branches:
Dungeon (2/12)

Altars:


Innate Abilities, Weirdness & Mutations

You do not eat or drink.
You are immune to poison.
Your flesh is cold resistant. (rC+)
Your body sometimes deteriorates upon taking damage.
You are immune to negative energy. (rN+++)
You are immune to unholy pain and torment.
You can survive without breathing.
When hurt, damage is shared between your health and your magic reserves.
Your movements are slightly less encumbered by armour. (ER -2)
Casting spells heals you.


Message History

An orc comes into view. It is wielding a +0 flail.
Your shield prevents you from hitting the orc.
The orc hits you with a +0 mace.
You are too injured to fight recklessly!
You are too injured to fight recklessly!
You are too injured to fight recklessly!
You are too injured to fight recklessly!
You are too injured to fight recklessly!
You are too injured to fight recklessly!
You barely miss the orc. You block the orc's attack.
You slash the orc!
You kill the orc!
The orc priest invokes the aid of Beogh against you.
Beogh smites you!
Ouch! That really hurt!
* * * LOW HITPOINT WARNING * * *
The orc priest calls down the wrath of Beogh upon you.
Beogh smites you!
Ouch! That really hurt!
You die...

#...# ....# #..! ##.#
##.# ##<# .†.#########
##.........#############
##.####.......).@oo.....
##.# #.##.#######o.....
#.# #.##.<...... #####
..# #.########## ... #.#
♣..# ... ...# ... ...


You could see an orc priest and 2 orcs.

Vanquished Creatures
  3 worms
  2 dart slugs
  A leopard gecko (D:1)
  An orc (D:2)
  A giant cockroach (D:1)
  3 goblins
  5 hobgoblins (D:1)
  9 jackals
  A ball python (D:1)
  5 bats
  5 frilled lizards
  6 kobolds (D:1)
  3 rats (D:1)
45 creatures vanquished.

Notes
Turn   | Place    | Note
-------+----------+-------------------------------------------
     0 | D:1      | Felnil the Skeleton Fighter began the quest for the Orb.
     0 | D:1      | Reached XP level 1. HP: 14/14 MP: 1/1
   122 | D:1      | Reached XP level 2. HP: 19/19 MP: 2/2
   935 | D:1      | Reached XP level 3. HP: 24/24 MP: 3/3
  1483 | D:2      | Found a faded altar of an unknown god.
  1535 | D:2      | Killed from afar by an orc priest

Skill      XL: |  1  2  3 |
---------------+----------+-----
Shields        | 4 |  4.2
Fighting       | 4 |  4.0
Axes           | |  2.4
Armour         | |  3.8

Action                   || total
-------------------------++-------
Melee: War axe           ||   146
  Use: Scroll            ||     4
Armor: Scale mail        ||    56
Dodge: Dodged            ||    53
Block: Shield            ||    78
